 Dungeon Crawl Stone Soup version 0.32-a0-791-gfc315c9ecd (webtiles) character file.

Game seed: 6374019863816353309

1313 jasper the Ruffian (level 8, 0/70 HPs)
             Began as a Ghoul Fighter on Mar 20, 2024.
             Was an Initiate of Ru.
             Slain by Jeremiah
             ... wielding a +4 trident of draining
              (4 damage)
             ... on level 6 of the Dungeon.
             The game lasted 00:07:31 (4646 turns).

jasper the Ruffian (Ghoul Fighter)                  Turns: 4646, Time: 00:07:31

Health: 0/70       AC: 11    Str: 22    XL:     8   Next: 58%
Magic:  0/8        EV: 12    Int:  7    God:    Ru [......]
Gold:   332        SH:  4    Dex:  8    Spells: 7/7 levels left

rFire   . .          .
                       - Unarmed
rCold   + . .        b - +0 buckler
rNeg    + + +        l - +0 chain mail
rPois   ∞            (no helmet)
rElec   .            n - +0 cloak
rCorr   .            (no gloves)
SInv    .            (no boots)
Will    .....        g - amulet of guardian spirit Stlth
                     f - +5 ring of evasion
HPRegen 0.00/turn    (no ring)
MPRegen 0.11/turn

%: guardian spirit
@: mighty, inhibited regen, hasted, very quick
A: claws 1, cold resistance 1, negative energy resistance 3, inhibited
regeneration, torment resistance 2, devour on kill
a: Renounce Religion


You were on level 6 of the Dungeon.
You worshipped Ru.
Ru was noncommittal.
You visited 2 branches of the dungeon, and saw 7 of its levels.

You collected 332 gold pieces.

Inventory:

Missiles
 d - 56 stones (quivered)
 e - 6 poisoned darts
Armour
 b - a +0 buckler (worn)
 l - a +0 chain mail (worn)
 n - a +0 cloak (worn)
Jewellery
 f - a +5 ring of evasion (left claw)
 g - an amulet of guardian spirit (around neck)
 r - a ring of fire
Scrolls
 h - 2 scrolls of teleportation
 i - 2 scrolls of torment
Potions
 j - 2 potions of berserk rage
 k - 2 potions of haste
 m - 2 potions of attraction {unknown}
 q - 3 potions of curing {unknown}


   Skills:
 + Level 6.1 Fighting
 + Level 5.1 Armour
 - Level 4.0 Shields
 * Level 7.8 Unarmed Combat


You had 7 spell levels left.
You didn't know any spells.
Your spell library was empty.

Dungeon Overview and Level Annotations

Branches:
Dungeon (6/15)             Temple (1/1) D:4

Altars:
Ashenzari
Cheibriados
Dithmenos
Fedhas
Gozag
Hepliaklqana
Kikubaaqudgha
Makhleb
Nemelex Xobeh
Okawaru
Qazlal
Ru
Sif Muna
Trog
Uskayaw
Vehumet
Xom
Yredelemnul

Annotations:
D:6 Jeremiah


Innate Abilities, Weirdness & Mutations

You are immune to poison.
You have sharp fingernails.
Your flesh is cold resistant. (rC+)
You are immune to negative energy. (rN+++)
You do not regenerate when monsters are visible.
You are immune to unholy pain and torment.
You thrive by killing the living.


Message History

Jeremiah wails, "It wants to be free!
It wants to enslave everyone!"
Jeremiah hits you from afar with a +4 trident of draining.
* * * LOW HITPOINT WARNING * * *
You take 3 damage, and have 9/70 hp.
You now have 2/8 mp.
You scratch the butterfly.
You kill the butterfly!
The butterfly disappears in a burst of colours!
Jeremiah hits you with a +4 trident of draining.
* * * LOW HITPOINT WARNING * * *
You take 2 damage, and have 7/70 hp.
You now have 2/8 mp.
You scratch Jeremiah but do no damage.
Jeremiah is severely wounded.
The butterfly disappears in a burst of colours!
Jeremiah hops!
The butterfly disappears in a burst of colours! x2
You miss the butterfly.
The butterfly disappears in a burst of colours!
You start resting.
Jeremiah is nearby!
Jeremiah hits you from afar with a +4 trident of draining.
* * * LOW HITPOINT WARNING * * *
You take 1 damage, and have 7/70 hp.
You now have 1/8 mp.
You miss the butterfly.
The butterfly disappears in a burst of colours! x2
Jeremiah hits you but does no damage.
You barely miss Jeremiah.
Jeremiah is severely wounded.
You closely miss Jeremiah.
Jeremiah is severely wounded.
The butterfly disappears in a burst of colours!
Jeremiah hits you with a +4 trident of draining.
* * * LOW HITPOINT WARNING * * *
You take 3 damage, and have 4/70 hp.
You now have 0/8 mp.
You feel very mighty all of a sudden.
You closely miss Jeremiah.
Jeremiah is severely wounded.
Jeremiah hits you with a +4 trident of draining.
You die...
Jeremiah asks, "Is it over?
Can I wake up now?"
Ru respects your ultimate sacrifice.

#_...## #.###..#
#.########...#..#
#.......†..#b#..#
#########.b#.#..#
#....b..#
#...#...#
#.b...#.#
#..#b##.#
....#?##@#
.......bFb#
......bbbb##
..##..b.b.#
.b..... #......
##...#. ##.##.


You could see Jeremiah.

Vanquished Creatures
  Eustachio (D:6)
  A water moccasin (D:6)
  A black bear (D:5)
  A phantom (D:5)
  A kobold brigand (D:4)
  2 bullfrogs (D:6)
  6 scorpions
  3 hounds
  2 jellies
  An iguana (D:5)
  An orc wizard (D:5)
  9 adders
  A gnoll (D:6)
  3 dart slugs
  A ribbon worm (D:2)
  10 orcs
  7 endoplasms
  3 giant cockroaches
  3 goblins
  7 hobgoblins
  5 jackals
  5 kobolds
  4 quokkas
  9 ball pythons
  5 bats
  2 frilled lizards (D:1)
  A rat (D:2)
95 creatures vanquished.

Notes
Turn   | Place    | Note
-------+----------+-------------------------------------------
     0 | D:1      | jasper the Ghoul Fighter began the quest for the Orb.
     0 | D:1      | Reached XP level 1. HP: 19/19 MP: 1/1
   256 | D:1      | Reached XP level 2. HP: 23/26 MP: 2/2
   558 | D:1      | Found a faded altar of an unknown god.
   894 | D:2      | Reached XP level 3. HP: 29/31 MP: 3/3
   981 | D:2      | Reached skill level 3 in Unarmed Combat
  2172 | D:3      | Reached XP level 4. HP: 39/40 MP: 4/4
  2682 | D:3      | Found a bloodstained altar of Trog.
  2863 | D:4      | Found a staircase to the Ecumenical Temple.
  2876 | D:4      | Reached XP level 5. HP: 45/46 MP: 5/5
  2879 | D:4      | Reached skill level 4 in Unarmed Combat
  2890 | Temple   | Entered the Ecumenical Temple
  2900 | D:4      | Noticed a kobold brigand
  2915 | D:4      | Killed a kobold brigand
  2956 | D:4      | Found a hazy altar of Hepliaklqana.
  3229 | D:4      | Reached XP level 6. HP: 41/53 MP: 4/6
  3573 | D:4      | Found a burning altar of Makhleb.
  3576 | D:4      | Reached skill level 5 in Unarmed Combat
  3693 | D:5      | Entered Level 5 of the Dungeon
  3842 | D:5      | Reached XP level 7. HP: 51/60 MP: 4/7
  4044 | D:5      | Reached skill level 5 in Fighting
  4062 | D:5      | Reached skill level 6 in Unarmed Combat
  4202 | D:5      | Found a faded altar of an unknown god.
  4202 | D:5      | Found a faded altar of an unknown god.
  4216 | D:5      | Found a blossoming altar of Fedhas.
  4218 | D:5      | Found a sparkling altar of Nemelex Xobeh.
  4220 | D:5      | Found a sacrificial altar of Ru.
  4224 | D:5      | Became a worshipper of Ru the Awakened
  4350 | D:6      | Noticed Eustachio
  4389 | D:6      | Killed Eustachio
  4390 | D:6      | Reached XP level 8. HP: 57/69 MP: 6/8
  4512 | D:6      | Reached skill level 7 in Unarmed Combat
  4530 | D:6      | Found a stormy altar of Qazlal.
  4575 | D:6      | Reached skill level 5 in Armour
  4605 | D:6      | Noticed Jeremiah
  4646 | D:6      | Slain by Jeremiah

Illustrated notes

Levels and vault maps discovered:
D:1:      dpeg_arrival_circle_labyrinth_c, layout_rooms, serial_glass,
          glass_columns_c, glass_columns_a,
          shapermc_ecumenical_altar_flowoftime, hangedman_decor_diamond_cutter,
          columned_hall_lemuel, minmay_misc_feat_columns
D:2:      layout_basic, kennysheep_generic_room_11
D:3:      layout_basic, gammafunk_temple_overflow_wave
D:4:      layout_basic, makhleb_heckhound_becter, nzn_hepliaklqana_mist_gate,
          minmay_temple_entry_mist
D:5:      layout_loops_ring, chequers_temple_overflow_minitemple
D:6:      layout_loops_ring, overflow_temple_1_default, uniq_jeremiah,
          uniq_eustachio
Temple:   nicolae_temple_figure_eight

Skill      XL: |  1  2  3  4  5  6  7  8 |
---------------+-------------------------+-----
Unarmed Combat | 3 4 5 6 7 |  7.8
Armour         | 3 4 5 |  5.1
Shields        | 3 4 |  4.0
Fighting       | 4 5 6 |  6.1

Action                     |  1- 3 |  4- 6 |  7- 9 || total
---------------------------+-------+-------+-------++-------
  Melee: Unarmed           |   106 |   157 |   129 ||   392
  Throw: Stone             |     2 |       |       ||     2
    Use: Scroll            |     8 |     4 |     2 ||    14
         Potion            |       |       |     4 ||     4
 Armour: Scale mail        |    33 |       |       ||    33
         Chain mail        |    35 |    74 |    78 ||   187
  Dodge: Dodged            |    43 |    74 |    61 ||   178
  Block: Buckler           |    20 |    30 |    24 ||    74

Table legend: (Time is in decaauts)
 A = Elapsed time spent in this place.
 B = Non-inter-level travel time spent in this place.
 C = Inter-level travel time spent in this place.
 D = Time resting spent in this place.
 E = Time spent auto-exploring this place.
 F = Levels seen in this place.
 G = Mean time per level.
                   A        B        C        D        E       F      G
               +--------+--------+--------+--------+--------+-----+--------+
         Total |   4623 |   4451 |    172 |     10 |   3519 |   7 |  660.4 |
       Dungeon |   4622 |   4450 |    172 |     10 |   3519 |   6 |  770.3 |
        Temple |      1 |      1 |      0 |      0 |      0 |   1 |    1.0 |
               +--------+--------+--------+--------+--------+-----+--------+

Top non-repeatable levels by time:
     D:2: 1031 daAuts
     D:3: 901 daAuts
     D:4: 883 daAuts
     D:1: 871 daAuts
     D:5: 627 daAuts
     D:6: 306 daAuts
  Temple: 1 daAuts
